 Dungeon Crawl Stone Soup version 0.21.1-1-g345015f (webtiles) character file.

4854 poirepourri the Thaumaturge (level 10, -3/56 HPs)
             Began as a Deep Elf Conjurer on July 19, 2018.
             Was a Follower of Vehumet.
             Slain by tminei's ghost (22 damage)
             ... on level 9 of the Dungeon.
             The game lasted 00:15:59 (12137 turns).

poirepourri the Thaumaturge (Deep Elf Conjurer)    Turns: 12137, Time: 00:16:00

Health: -3/56      AC:  9    Str: 10    XL:     10   Next: 25%
Magic:  0/28       EV: 14    Int: 29    God:    Vehumet [*.....]
Gold:   514        SH:  0    Dex: 15    Spells: 15/33 levels left

rFire    + . .     SeeInvis .   a - +2 short sword (venom)
rCold    . . .     Gourm    .   (no shield)
rNeg     . . .     Faith    .   y - +1 robe
rPois    +         Spirit   .   x - +2 hat
rElec    .         Reflect  .   (no cloak)
rCorr    .         Harm     .   p - +1 pair of gloves
MR       +....                  m - +1 pair of boots
Stlth    ++........             (no amulet)
HPRegen  0.18/turn              o - ring of poison resistance
MPRegen  0.21/turn              B - ring of protection from fire

@: mighty, brilliant, about to teleport
A: no striking features
a: Renounce Religion


You were on level 9 of the Dungeon.
You worshipped Vehumet.
Vehumet was aware of your devotion.
You were very full.

You visited 2 branches of the dungeon, and saw 10 of its levels.

You collected 514 gold pieces.

Inventory:

Hand Weapons
 a - a +2 short sword of venom (weapon)
Armour
 g - a +2 buckler of poison resistance
 m - a +1 pair of boots (worn)
 p - a +1 pair of gloves (worn)
 x - a +2 hat (worn)
 y - a +1 robe (worn)
Jewellery
 o - a ring of poison resistance (left hand)
 B - a ring of protection from fire (right hand)
Wands
 r - a wand of acid (4)
 w - a wand of iceblast (18)
Scrolls
 h - 4 scrolls of teleportation
 q - 3 scrolls of remove curse
 u - a scroll of fog
Potions
 e - a potion of lignification
 f - 4 potions of haste
 i - 2 potions of magic
 j - 3 potions of brilliance
 k - 2 potions of curing
 s - 2 potions of flight
 t - 2 potions of mutation
 z - 2 potions of resistance
 A - a potion of degeneration {unknown}
Books
 b - a book of Conjurations

   Spells                             Type                      Level
   a - Magic Dart                     Conjuration                  1
   b - Searing Ray                    Conjuration                  2
   c - Dazzling Spray                 Conjuration/Hexes            3
   d - Fulminant Prism                Conjuration/Hexes            4
   e - Force Lance                    Conjuration/Translocation    4
   f - Iskenderun's Mystic Blast      Conjuration                  4
 v - a book of Changes

   Spells                             Type                      Level
   a - Beastly Appendage              Transmutation                1
   b - Sticks to Snakes               Transmutation                2
   c - Spider Form                    Transmutation/Poison         3
   d - Ice Form                       Ice/Transmutation            4
   e - Blade Hands                    Transmutation                5
Comestibles
 c - 6 rations


   Skills:
 + Level 3.8 Fighting
 - Level 4.2 Dodging
 - Level 2.4 Stealth
 - Level 12.0 Spellcasting
 - Level 12.0 Conjurations
 - Level 2.0 Hexes


You had 15 spell levels left.
You knew the following spells:

 Your Spells              Type           Power        Failure   Level  Hunger
a - Magic Dart            Conj           ####         0%          1    None
b - Searing Ray           Conj           ######       1%          2    None
c - Dazzling Spray        Conj/Hex       ######       1%          3    None
d - Fulminant Prism       Conj/Hex       ######....   1%          4    None
e - Force Lance           Conj/Tloc      ######..     1%          4    None
f - Iskenderun's Mystic   Conj           #######.     1%          4    None


Dungeon Overview and Level Annotations

Branches:
Dungeon (9/15)             Temple (1/1) D:6            Lair (0/6) D:8
    Orc: D:9-12

Altars:
Ashenzari
Cheibriados
Dithmenos
Elyvilon
Fedhas
Gozag
Hepliaklqana
Kikubaaqudgha
Makhleb
Nemelex Xobeh
Okawaru
Qazlal
Ru
Sif Muna
Trog
Uskayaw
Vehumet
Wu Jian
Xom
Yredelemnul
Zin
The Shining One

Annotations:
D:9 tminei's ghost, novice MiBe


Message History

Tminei's ghost is heavily damaged.
Tminei's ghost hits you.
You completely miss tminei's ghost.
Tminei's ghost is heavily damaged.
Tminei's ghost closely misses you.
You hit tminei's ghost but do no damage.
Tminei's ghost is heavily damaged.
Tminei's ghost hits you!
You feel your power leaking away.
You puncture tminei's ghost!
Tminei's ghost is heavily damaged.
Tminei's ghost hits you.
* * * LOW HITPOINT WARNING * * *
You feel much better. Tminei's ghost hits you.
You completely miss tminei's ghost.
Tminei's ghost is heavily damaged.
Tminei's ghost hits you!
As you read the scroll of teleportation, it crumbles to dust.
You feel strangely unstable. Tminei's ghost hits you!!
You die...

#....#...[...................####
#....#...#.....####'#...........†
#....#####.....#....#............
#..............#^...#............
...............#....#######'#....
...............#....##......+....
...............#....##......#.>..
...............#....##..###'#....
.......... #@...##..##..#....
..#+##....######W...##...#..# ..
..# #....#...##....##...#..# ..#
#....#..............#..# ..#
#....#.........##..##..# >.#
#....#...##....##..##..# ..'.
#>...#...##....##...#..#
..#..#....##..##.........#
.##..#.....#..##....##..##


You could see tminei's ghost.

Vanquished Creatures
  A two-headed ogre (D:8)
  The ghost of Blackrapter the Stinger, a novice DrVM (D:5)
  A troll (D:9)
  Sigmund (D:3)
  2 orc warriors
  A porcupine (D:8)
  3 ice beasts
  A sky beast (D:8)
  A necrophage (D:6)
  A phantom (D:5)
  3 black bears
  8 ogres
  A centaur (D:7)
  A gnoll sergeant (D:6)
  4 bullfrogs
  2 scorpions (D:8)
  A howler monkey (D:5)
  A bullfrog zombie (D:9)
  A crimson imp (D:5)
  A centaur zombie (D:9)
  8 hounds
  An orc priest (D:9)
  4 jellies
  A bullfrog skeleton (D:6)
  A centaur skeleton (D:3)
  2 iguanas
  7 worker ants
  4 orc wizards
  2 hound skeletons
  A howler monkey skeleton (D:7)
  11 adders
  15 gnolls
  2 gnoll zombies (D:6)
  An orc zombie (D:6)
  2 shadow imps
  An adder skeleton (D:6)
  2 worms (D:3)
  9 leopard geckos
  17 orcs
  5 bats
  A bat zombie (D:7)
  9 giant cockroaches
  9 goblins
  6 hobgoblins
  12 jackals
  7 kobolds
  3 quokkas
  2 ball pythons
  5 frilled lizards
  A jackal zombie (D:6)
  2 leopard gecko skeletons
  2 quokka zombies
  5 rats
  A rat zombie (D:7)
197 creatures vanquished.

Vanquished Creatures (others)
  A fungus (D:8)
1 creature vanquished.

Grand Total: 198 creatures vanquished

Notes
Turn   | Place    | Note
-------+----------+-------------------------------------------
     0 | D:1      | poirepourri the Deep Elf Conjurer began the quest for the Orb.
     0 | D:1      | Reached XP level 1. HP: 10/10 MP: 6/6
   356 | D:1      | Reached XP level 2. HP: 9/15 MP: 5/9
   509 | D:1      | Learned a level 2 spell: Searing Ray
   844 | D:1      | Reached skill level 5 in Spellcasting
   844 | D:1      | Reached XP level 3. HP: 19/19 MP: 6/11
  1099 | D:2      | Found a burning altar of Makhleb.
  1099 | D:2      | Found a sparkling altar of Nemelex Xobeh.
  1141 | D:2      | Reached XP level 4. HP: 18/24 MP: 2/14
  1147 | D:2      | Learned a level 3 spell: Dazzling Spray
  1152 | D:2      | Learned a level 4 spell: Fulminant Prism
  1645 | D:3      | Learned a level 4 spell: Force Lance
  1772 | D:3      | Found a shattered altar of Ashenzari.
  1843 | D:3      | Noticed Sigmund
  1855 | D:3      | Killed Sigmund
  1855 | D:3      | Reached XP level 5. HP: 28/28 MP: 10/16
  1855 | D:3      | Reached XP level 6. HP: 32/32 MP: 11/18
  2015 | D:3      | Learned a level 4 spell: Iskenderun's Mystic Blast
  2074 | D:3      | Reached skill level 1 in Hexes
  2212 | D:3      | Found a faded altar of an unknown god.
  3386 | D:4      | Reached XP level 7. HP: 22/36 MP: 3/20
  4052 | D:5      | Entered Level 5 of the Dungeon
  4489 | D:5      | Noticed Blackrapter's ghost (novice DrVM)
  4858 | D:5      | Killed Blackrapter's ghost
  4858 | D:5      | Reached skill level 10 in Spellcasting
  4858 | D:5      | Reached XP level 8. HP: 40/41 MP: 1/24
  5431 | D:5      | Found a hide-covered altar of Uskayaw.
  5617 | D:5      | Found a deep blue altar of Sif Muna.
  6388 | D:6      | Found an iron altar of Okawaru.
  6430 | D:6      | Found a staircase to the Ecumenical Temple.
  6439 | Temple   | Entered the Ecumenical Temple
  6500 | Temple   | Became a worshipper of Vehumet
  6724 | D:6      | Found a transporter.
  6763 | D:6      | Reached XP level 9. HP: 45/45 MP: 21/27
  6885 | D:6      | Found a snail-covered altar of Cheibriados.
  7097 | D:6      | Found a transporter.
  8537 | D:7      | Reached * piety under Vehumet
  8537 | D:7      | Offered knowledge of Shock by Vehumet.
  8538 | D:7      | Found a burning altar of Makhleb.
  8616 | D:7      | Reached skill level 10 in Conjurations
  9048 | D:7      | Found an ancient bone altar of Kikubaaqudgha.
  9158 | D:7      | Found a sacrificial altar of Ru.
  9749 | D:8      | Noticed a two-headed ogre
  9758 | D:8      | Killed a two-headed ogre
 10205 | D:8      | Found a staircase to the Lair.
 10299 | D:8      | Reached XP level 10. HP: 42/51 MP: 23/28
 10307 | D:8      | Reached skill level 1 in Fighting
 11083 | D:9      | Noticed tminei's ghost (novice MiBe)
 12137 | D:9      | Slain by tminei's ghost

Skill      XL: |  1  2  3  4  5  6  7  8  9 10 |
---------------+-------------------------------+-----
Spellcasting   | 4 5 6 7 8 10 12 | 12.0
Conjurations   | 6 8 12 | 12.0
Hexes          | 2 |  2.0
Dodging        | 4 |  4.2
Fighting       | 3 |  3.8
Stealth        | |  2.4

Action                   |  1- 3 |  4- 6 |  7- 9 | 10-12 || total
-------------------------+-------+-------+-------+-------++-------
Melee: Short sword       |       |     1 |    25 |    25 ||    51
 Cast: Magic Dart        |    42 |    60 |   116 |     5 ||   223
       Searing Ray       |     5 |    21 |    55 |     8 ||    89
       Dazzling Spray    |       |     7 |    24 |    22 ||    53
       Iskenderun's Myst |       |     5 |    25 |    15 ||    45
       Force Lance       |       |       |     1 |     7 ||     8
  Use: Scroll            |     4 |     6 |    16 |     4 ||    30
       Potion            |       |     2 |     1 |     5 ||     8
  Eat: Ration            |       |     3 |     7 |     2 ||    12
Armor: Robe              |     1 |     2 |    29 |    27 ||    59
Dodge: Dodged            |     4 |    17 |    94 |    38 ||   153
